 Dungeon Crawl Stone Soup version 0.22.1-1-ga44c0e56f4 (webtiles) character file.

93 AlolanVulpixel the Caller (level 4, 0/32 HPs)
             Began as a Gnoll Summoner on Sept 20, 2018.
             Killed by divine providence
             ... invoked by an orc priest
              (12 damage)
             ... on level 3 of the Dungeon.
             The game lasted 00:07:15 (1626 turns).

AlolanVulpixel the Caller (Gnoll Summoner)          Turns: 1626, Time: 00:07:15

Health: 0/32       AC:  7    Str: 11    XL:     4   Next: 61%
Magic:  2/11       EV: 10    Int: 18    God:
Gold:   69         SH:  7    Dex: 15    Spells: 10/13 levels left

rFire    . . .     SeeInvis .   a - +0 spear
rCold    . . .     Gourm    .   g - +3 buckler
rNeg     . . .     Faith    .   k - +0 scale mail
rPois    .         Spirit   .   (no helmet)
rElec    .         Reflect  .   (no cloak)
rCorr    .         Harm     .   (no gloves)
MR       .....                  l - +0 pair of boots
Stlth    +.........             (no amulet)
HPRegen  0.10/turn              (no ring)
MPRegen  0.12/turn              (no ring)

@: very slightly contaminated
A: distributed training, fangs 1, strong nose
a: no special abilities


You were on level 3 of the Dungeon.
You were hungry.

You visited 1 branch of the dungeon, and saw 3 of its levels.

You collected 69 gold pieces.

Inventory:

Hand Weapons
 a - a +0 spear (weapon)
Armour
 g - a +3 buckler (worn)
 k - a +0 scale mail (worn)
 l - a +0 pair of boots (worn)
Scrolls
 f - 2 scrolls of teleportation {unknown}
 j - 2 scrolls of remove curse
Potions
 b - a potion of degeneration
 d - 2 potions of haste {unknown}
 e - 3 potions of ambrosia {unknown}
 h - a potion of heal wounds {unknown}
 i - a potion of berserk rage {unknown}
 m - a potion of resistance {unknown}
Comestibles
 c - 2 rations


   Skills:
 + Level 1.2 Fighting
 + Level 1.2 Short Blades
 + Level 1.2 Long Blades
 + Level 1.2 Axes
 + Level 1.2 Maces & Flails
 + Level 1.2 Polearms
 + Level 1.2 Staves
 + Level 1.2 Slings
 + Level 1.2 Bows
 + Level 1.2 Crossbows
 + Level 1.2 Throwing
 + Level 1.2 Armour
 + Level 4.6 Dodging
 + Level 4.3 Stealth
 + Level 1.2 Shields
 + Level 1.2 Unarmed Combat
 + Level 5.1 Spellcasting
 + Level 1.0 Conjurations
 + Level 1.0 Hexes
 + Level 1.0 Charms
 + Level 7.1 Summonings
 + Level 1.0 Necromancy
 + Level 1.0 Translocations
 + Level 1.0 Transmutations
 + Level 1.0 Fire Magic
 + Level 1.0 Ice Magic
 + Level 1.0 Air Magic
 + Level 1.0 Earth Magic
 + Level 1.0 Poison Magic
 + Level 1.3 Invocations
 + Level 1.2 Evocations


You had 10 spell levels left.
You knew the following spells:

 Your Spells              Type           Power        Failure   Level  Hunger
a - Summon Small Mammal   Summ           ####         6%          1    None
b - Call Imp              Summ           ####....     9%          2    #......

Your spell library contained the following spells:

 Spells                   Type           Power        Failure   Level  Hunger
 Call Canine Familiar     Summ           ####....     19%         3    ##.....
 Summon Guardian Golem    Hex/Summ       ###.....     54%         3    ##.....
 Summon Ice Beast         Ice/Summ       ###.....     91%         4    ####...
 Summon Lightning Spire   Summ/Air       ###.....     91%         4    ####...


Dungeon Overview and Level Annotations

Branches:
Dungeon (3/15)

Altars:


Innate Abilities, Weirdness & Mutations

Your experience applies equally to all skills.
You have very sharp teeth.
Your uncanny sense of smell can sniff out nearby items.


Message History

Casting: Call Imp (safe; 9% risk of failure)
Confirm with . or Enter, or press ? or * to list all spells.
A beastly little devil appears in a puff of flame.
The orc hits your crimson imp but does no damage.
Your crimson imp misses the orc.
You swap places.
The orc hits your crimson imp with a club.
Your crimson imp hits the orc but does no damage.
You swap places.
The orc hits your crimson imp but does no damage.
Your crimson imp hits the orc but does no damage.
You swap places.
The orc hits your crimson imp but does no damage.
Your crimson imp blinks!
You swap places.
Your crimson imp blinks!
You swap places.
The orc priest mumbles some strange prayers to Beogh against you.
Beogh smites you!
You die...

### ##.## #
##.#.######...o
#.###5.o)o55.#
##.#@####.....#
##.## ..... #.#
...# #.# .##
#.# # #.# ##.##
#...# #..<#


You could see an orc priest, an orc and 3 friendly crimson imps.

Vanquished Creatures
  An adder (D:2)
  An ooze (D:1)
  A leopard gecko (D:2)
  An orc (D:3)
  7 bats
  2 giant cockroaches (D:1)
  4 goblins
  3 hobgoblins (D:1)
  5 frilled lizards
  3 kobolds (D:1)
  9 rats (D:1)
37 creatures vanquished.

Vanquished Creatures (collateral kills)
  An orc wizard (D:3)
  An adder (D:2)
  An orc (D:3)
  A bat (D:2)
  A giant cockroach (D:2)
  4 jackals (D:2)
  A kobold (D:3)
  A ball python (D:2)
  A frilled lizard (D:2)
  2 rats (D:2)
14 creatures vanquished.

Grand Total: 51 creatures vanquished

Notes
Turn   | Place    | Note
-------+----------+-------------------------------------------
     0 | D:1      | AlolanVulpixel the Gnoll Summoner began the quest for the
                  | Orb.
     0 | D:1      | Reached XP level 1. HP: 13/13 MP: 6/6
   137 | D:1      | Reached XP level 2. HP: 10/19 MP: 7/7
   143 | D:1      | Learned a level 2 spell: Call Imp
   642 | D:1      | Reached XP level 3. HP: 25/25 MP: 9/9
   667 | D:1      | Reached skill level 5 in Spellcasting
   994 | D:2      | Reached skill level 1 in Invocations
  1123 | D:2      | Reached skill level 1 in Fighting
  1123 | D:2      | Reached skill level 1 in Short Blades
  1123 | D:2      | Reached skill level 1 in Long Blades
  1123 | D:2      | Reached skill level 1 in Axes
  1123 | D:2      | Reached skill level 1 in Maces & Flails
  1123 | D:2      | Reached skill level 1 in Polearms
  1123 | D:2      | Reached skill level 1 in Staves
  1123 | D:2      | Reached skill level 1 in Slings
  1123 | D:2      | Reached skill level 1 in Bows
  1123 | D:2      | Reached skill level 1 in Crossbows
  1123 | D:2      | Reached skill level 1 in Throwing
  1123 | D:2      | Reached skill level 1 in Armour
  1123 | D:2      | Reached skill level 1 in Shields
  1123 | D:2      | Reached skill level 1 in Unarmed Combat
  1123 | D:2      | Reached skill level 1 in Evocations
  1123 | D:2      | Reached XP level 4. HP: 22/32 MP: 11/11
  1619 | D:3      | Reached skill level 1 in Conjurations
  1619 | D:3      | Reached skill level 1 in Hexes
  1619 | D:3      | Reached skill level 1 in Charms
  1619 | D:3      | Reached skill level 1 in Necromancy
  1619 | D:3      | Reached skill level 1 in Translocations
  1619 | D:3      | Reached skill level 1 in Transmutations
  1619 | D:3      | Reached skill level 1 in Fire Magic
  1619 | D:3      | Reached skill level 1 in Ice Magic
  1619 | D:3      | Reached skill level 1 in Air Magic
  1619 | D:3      | Reached skill level 1 in Earth Magic
  1619 | D:3      | Reached skill level 1 in Poison Magic
  1626 | D:3      | Killed from afar by an orc priest

Skill      XL: |  1  2  3  4 |
---------------+-------------+-----
Spellcasting   | 5 |  5.1
Invocations    | 1 |  1.3
Fighting       | 1 |  1.2
Short Blades   | 1 |  1.2
Long Blades    | 1 |  1.2
Axes           | 1 |  1.2
Maces & Flails | 1 |  1.2
Polearms       | 1 |  1.2
Staves         | 1 |  1.2
Slings         | 1 |  1.2
Bows           | 1 |  1.2
Crossbows      | 1 |  1.2
Throwing       | 1 |  1.2
Armour         | 1 |  1.2
Shields        | 1 |  1.2
Unarmed Combat | 1 |  1.2
Evocations     | 1 |  1.2
Conjurations   | 1 |  1.0
Hexes          | 1 |  1.0
Charms         | 1 |  1.0
Necromancy     | 1 |  1.0
Translocations | 1 |  1.0
Transmutations | 1 |  1.0
Fire Magic     | 1 |  1.0
Ice Magic      | 1 |  1.0
Air Magic      | 1 |  1.0
Earth Magic    | 1 |  1.0
Poison Magic   | 1 |  1.0
Dodging        | |  4.6
Stealth        | |  4.3
Summonings     | |  7.1

Action                   |  1- 3 |  4- 6 || total
-------------------------+-------+-------++-------
Melee: Spear             |   130 |    51 ||   181
       Unarmed           |    10 |       ||    10
       Bite              |    10 |     2 ||    12
 Cast: Call Imp          |     2 |     5 ||     7
  Use: Scroll            |     3 |       ||     3
 Stab: Sleeping          |     1 |     1 ||     2
  Eat: Chunk             |       |     2 ||     2
Armor: Chain mail        |    58 |       ||    58
       Scale mail        |    12 |    14 ||    26
Dodge: Dodged            |    50 |    14 ||    64
Block: Buckler           |    16 |     9 ||    25
